2978 views
Uploaded 2020-02-28 01:14:54
Game version 1.32.2
18:32 long 4on4 ladder game on (8)Deadlock_LV
Saved by Teelo
2978 views
Uploaded 2020-02-28 01:14:54
Game version 1.32.2
18:32 long 4on4 ladder game on (8)Deadlock_LV


113 units @ 19.2k
/ 2.3k
71 buildings @ 11.6k
/ 5.2k


| Rod of Necromancy | 2 | 300 |
| Potion of Mana | 2 | 400 |
| Sacrificial Skull | 1 | 50 |
| Orb of Corruption | 1 | 375 |
| Dust of Appearance | 1 | 75 |
| Scroll of Town Portal | 2 | 700 |
| Potion of Lesser Invulnerability | 1 | 150 |
| Scroll of Protection | 1 | 150 |
| total: | 11 | 2200g |
| Acolyte | 9 | 675 | / | 0 |
| Ghoul | 4 | 480 | / | 0 |
| Crypt Fiend | 8 | 1720 | / | 320 |
| Obsidian Statue | 2 | 400 | / | 70 |
| Frost Wyrm | 2 | 770 | / | 240 |
| Centaur Outrunner | 2 | 390 | / | 0 |
| Razormane Medicine Man | 1 | 350 | / | 60 |
| total: | 28 | 4785g | / | 690w |
| Spirit Tower | 2 | 290 | / | 80 |
| Crypt | 1 | 200 | / | 50 |
| Graveyard | 1 | 215 | / | 0 |
| Altar of Darkness | 1 | 180 | / | 50 |
| Ziggurat | 8 | 1200 | / | 400 |
| Tomb of Relics | 2 | 260 | / | 60 |
| Necropolis | 2 | 450 | / | 0 |
| Sacrificial Pit | 1 | 75 | / | 150 |
| Slaughterhouse | 1 | 140 | / | 135 |
| Boneyard | 2 | 350 | / | 400 |
| Halls of the Dead | 1 | 320 | / | 210 |
| Black Citadel | 1 | 325 | / | 230 |
| total: | 19 | 3070g | / | 1245w |
| 0:03 | Acolyte |
| 0:03 | Acolyte |
| 0:07 | Crypt |
| 0:19 | Graveyard |
| 0:43 | Altar of Darkness |
| 0:59 | Ziggurat |
| 1:18 | Ghoul |
| 1:28 | Tomb of Relics |
| 1:51 | Crypt Fiend |
| 2:02 | Ziggurat |
| 2:26 | Crypt Fiend |
| 2:47 | Rod of Necromancy |
| 2:51 | Death Coil |
| 3:02 | Crypt Fiend |
| 3:24 | Acolyte |
| 3:48 | Halls of the Dead |
| 3:52 | Ghoul |
| 4:12 | Unholy Aura |
| 4:25 | Rod of Necromancy |
| 4:25 | Dust of Appearance |
| 4:36 | Necropolis |
| 5:58 | Ghoul |
| 6:12 | Black Arrow |
| 6:17 | Acolyte |
| 6:17 | Acolyte |
| 6:17 | Acolyte |
| 6:31 | Burrow |
| 6:43 | Acolyte |
| 6:55 | Death Coil |
| 7:08 | Black Citadel |
| 7:25 | Ziggurat |
| 7:27 | Creature Carapace |
| 7:40 | Silence |
| 7:42 | Centaur Outrunner |
| 8:25 | Sacrificial Pit |
| 9:04 | Web |
| 9:10 | Slaughterhouse |
| 10:06 | Crypt Fiend |
| 10:12 | Crypt Fiend |
| 10:28 | Obsidian Statue |
| 10:28 | Destroyer Form |
| 10:29 | Obsidian Statue |
| 11:01 | Silence |
| 11:23 | Boneyard |
| 11:25 | Boneyard |
| 12:02 | Creature Attack |
| 12:07 | Ziggurat |
| 12:22 | Ziggurat |
| 12:36 | Frost Wyrm |
| 12:59 | Scroll of Town Portal |
| 13:00 | Potion of Lesser Invulnerability |
| 13:00 | Scroll of Protection |
| 13:14 | Ghoul |
| 13:17 | Frost Wyrm |
| 13:29 | Razormane Medicine Man |
| 13:30 | Centaur Outrunner |
| 14:08 | Acolyte |
| 14:11 | Freezing Breath |
| 14:40 | Ziggurat |
| 14:41 | Spirit Tower |
| 14:58 | Unholy Aura |
| 15:53 | Crypt Fiend |
| 15:53 | Crypt Fiend |
| 16:08 | Potion of Mana |
| 16:10 | Scroll of Town Portal |
| 16:13 | Spirit Tower |
| 16:14 | Crypt Fiend |
| 16:17 | Sacrificial Skull |
| 16:17 | Orb of Corruption |
| 16:17 | Potion of Mana |
| 16:33 | Improved Creature Carapace |
| 16:50 | Acolyte |
| 17:16 | Black Arrow |
| 17:35 | Improved Creature Attack |
| 17:44 | Necropolis |
| 17:59 | Ziggurat |
| 18:06 | Ziggurat |
| 18:08 | Tomb of Relics |
| Right click | 1068 |
| Select | 498 |
| Chat | 198 |
| Build/train/purchase | 97 |
| Select group | 40 |
| Resource trade | 25 |
| Use ability | 23 |
| Misc. action | 14 |
| Assign group | 2 |
| Item give/drop | 2 |
| Minimap ping | 1 |



| Healing Salve | 2 | 200 |
| total: | 2 | 200g |
| Peon | 11 | 825 | / | 0 |
| Grunt | 11 | 2200 | / | 0 |
| Raider | 4 | 720 | / | 160 |
| Troll Batrider | 4 | 640 | / | 160 |
| total: | 30 | 4385g | / | 320w |
| Altar of Storms | 1 | 180 | / | 50 |
| Orc Burrow | 5 | 800 | / | 200 |
| Barracks | 1 | 180 | / | 50 |
| Voodoo Lounge | 2 | 260 | / | 60 |
| War Mill | 1 | 205 | / | 0 |
| Great Hall | 1 | 385 | / | 185 |
| Beastiary | 5 | 725 | / | 700 |
| Tauren Totem | 2 | 270 | / | 310 |
| Stronghold | 1 | 315 | / | 190 |
| Fortress | 1 | 325 | / | 190 |
| total: | 18 | 3005g | / | 1555w |
| 0:04 | Peon |
| 0:04 | Peon |
| 0:18 | Altar of Storms |
| 0:33 | Peon |
| 0:38 | Orc Burrow |
| 0:51 | Peon |
| 1:01 | Peon |
| 1:17 | Barracks |
| 1:26 | Orc Burrow |
| 1:28 | Peon |
| 1:41 | Voodoo Lounge |
| 1:44 | Peon |
| 1:59 | Peon |
| 2:09 | Peon |
| 2:17 | Peon |
| 2:37 | Grunt |
| 2:50 | Peon |
| 2:52 | Pillage |
| 2:54 | Healing Salve |
| 2:58 | Feral Spirit |
| 3:20 | Grunt |
| 3:46 | Grunt |
| 4:54 | Chain Lighting |
| 5:03 | Stronghold |
| 5:04 | Grunt |
| 5:47 | Orc Burrow |
| 6:11 | War Mill |
| 6:21 | Orc Burrow |
| 7:16 | Grunt |
| 7:46 | Beastiary |
| 7:50 | Beastiary |
| 7:53 | Tauren Totem |
| 8:17 | Spiked Barricades |
| 8:39 | Grunt |
| 8:40 | Berserker Strength |
| 8:48 | Healing Wave |
| 9:20 | Fortress |
| 9:46 | Feral Spirit |
| 9:59 | Grunt |
| 10:23 | Beastiary |
| 11:04 | Beastiary |
| 11:12 | Voodoo Lounge |
| 11:24 | Grunt |
| 11:28 | Hex |
| 12:10 | Improved Spiked Barricades |
| 12:26 | Ensnare |
| 13:04 | Grunt |
| 13:07 | Raider |
| 13:08 | Raider |
| 13:30 | Orc Burrow |
| 13:35 | Grunt |
| 13:55 | Raider |
| 13:56 | Troll Batrider |
| 14:00 | Beastiary |
| 14:12 | Grunt |
| 15:29 | Great Hall |
| 15:46 | Endurance Aura |
| 15:57 | Raider |
| 16:01 | Tauren Totem |
| 17:18 | Troll Batrider |
| 17:37 | Healing Salve |
| 18:27 | Troll Batrider |
| 18:27 | Troll Batrider |
| Right click | 464 |
| Chat | 250 |
| Select | 243 |
| Build/train/purchase | 71 |
| Select group | 31 |
| Use ability | 25 |
| Assign group | 21 |
| Minimap ping | 3 |
| Esc | 1 |


| Orb of Corruption | 1 | 375 |
| Potion of Healing | 1 | 150 |
| Scroll of Town Portal | 1 | 350 |
| Scroll of Healing | 2 | 500 |
| Healing Salve | 1 | 100 |
| total: | 6 | 1475g |
| Acolyte | 3 | 225 | / | 0 |
| Ghoul | 3 | 360 | / | 0 |
| Gargoyle | 9 | 1575 | / | 270 |
| Frost Wyrm | 5 | 1925 | / | 600 |
| total: | 20 | 4085g | / | 870w |
| Spirit Tower | 1 | 145 | / | 40 |
| Necropolis | 2 | 450 | / | 0 |
| Crypt | 1 | 200 | / | 50 |
| Ziggurat | 6 | 900 | / | 300 |
| Altar of Darkness | 1 | 180 | / | 50 |
| Tomb of Relics | 1 | 130 | / | 30 |
| Graveyard | 1 | 215 | / | 0 |
| Sacrificial Pit | 2 | 150 | / | 300 |
| Boneyard | 2 | 350 | / | 400 |
| Halls of the Dead | 1 | 320 | / | 210 |
| Black Citadel | 1 | 325 | / | 230 |
| total: | 16 | 2575g | / | 1130w |
| 0:09 | Acolyte |
| 0:18 | Necropolis |
| 0:37 | Crypt |
| 0:45 | Ziggurat |
| 0:54 | Acolyte |
| 1:15 | Altar of Darkness |
| 1:40 | Ghoul |
| 1:57 | Ghoul |
| 2:16 | Halls of the Dead |
| 2:38 | Ghoul |
| 3:01 | Tomb of Relics |
| 3:12 | Ziggurat |
| 3:23 | Death Coil |
| 3:40 | Graveyard |
| 4:21 | Ziggurat |
| 4:59 | Black Citadel |
| 5:41 | Creature Attack |
| 6:24 | Healing Salve |
| 6:29 | Gargoyle |
| 6:35 | Acolyte |
| 6:40 | Frost Nova |
| 6:50 | Improved Creature Attack |
| 6:59 | Sacrificial Pit |
| 7:06 | Ziggurat |
| 7:28 | Gargoyle |
| 8:07 | Unholy Aura |
| 8:18 | Boneyard |
| 8:26 | Boneyard |
| 8:36 | Gargoyle |
| 9:35 | Gargoyle |
| 9:35 | Gargoyle |
| 9:40 | Frost Wyrm |
| 10:13 | Death Coil |
| 10:16 | Frost Wyrm |
| 10:19 | Orb of Corruption |
| 11:12 | Potion of Healing |
| 11:15 | Scroll of Town Portal |
| 11:42 | Spirit Tower |
| 11:47 | Frost Armor |
| 11:59 | Scroll of Healing |
| 12:07 | Frost Wyrm |
| 12:51 | Gargoyle |
| 12:51 | Gargoyle |
| 13:49 | Scroll of Healing |
| 14:18 | Unholy Aura |
| 15:16 | Necropolis |
| 15:20 | Ziggurat |
| 15:21 | Ziggurat |
| 15:38 | Advanced Creature Attack |
| 15:40 | Freezing Breath |
| 16:39 | Frost Armor |
| 16:39 | Frost Nova |
| 16:55 | Death Coil |
| 17:59 | Frost Wyrm |
| 17:59 | Frost Wyrm |
| 18:01 | Gargoyle |
| 18:01 | Gargoyle |
| 18:15 | Frost Nova |
| 18:29 | Sacrificial Pit |
| Right click | 805 |
| Select | 261 |
| Build/train/purchase | 50 |
| Chat | 46 |
| Use ability | 32 |
| Remove unit | 1 |

| Lesser Clarity Potion | 2 | 140 |
| Healing Salve | 1 | 100 |
| Potion of Healing | 4 | 600 |
| Potion of Mana | 3 | 600 |
| Scroll of Town Portal | 1 | 350 |
| Rod of Necromancy | 1 | 150 |
| total: | 12 | 1940g |
| Peon | 12 | 900 | / | 0 |
| Grunt | 18 | 3600 | / | 0 |
| Tauren | 5 | 1400 | / | 400 |
| total: | 35 | 5900g | / | 400w |
| Watch Tower | 2 | 220 | / | 160 |
| Altar of Storms | 1 | 180 | / | 50 |
| Orc Burrow | 6 | 960 | / | 240 |
| Barracks | 2 | 360 | / | 100 |
| War Mill | 1 | 205 | / | 0 |
| Voodoo Lounge | 2 | 260 | / | 60 |
| Great Hall | 1 | 385 | / | 185 |
| Tauren Totem | 3 | 405 | / | 465 |
| Stronghold | 1 | 315 | / | 190 |
| Fortress | 2 | 650 | / | 380 |
| total: | 18 | 2975g | / | 1260w |
| 0:02 | Peon |
| 0:03 | Peon |
| 0:03 | Peon |
| 0:23 | Altar of Storms |
| 0:34 | Peon |
| 0:36 | Orc Burrow |
| 0:53 | Barracks |
| 0:56 | Peon |
| 0:56 | Peon |
| 1:08 | War Mill |
| 1:14 | Peon |
| 1:43 | Peon |
| 1:46 | Orc Burrow |
| 1:57 | Grunt |
| 2:21 | Barracks |
| 2:34 | Shockwave |
| 2:41 | Grunt |
| 2:51 | Orc Burrow |
| 3:08 | Steel Melee Weapons |
| 3:25 | Grunt |
| 3:44 | Grunt |
| 4:16 | Grunt |
| 4:26 | Grunt |
| 4:36 | Endurance Aura |
| 4:59 | Voodoo Lounge |
| 5:16 | Grunt |
| 5:53 | Voodoo Lounge |
| 6:12 | Watch Tower |
| 6:16 | Watch Tower |
| 6:47 | Stronghold |
| 7:07 | Grunt |
| 7:41 | Great Hall |
| 7:47 | Endurance Aura |
| 7:56 | Orc Burrow |
| 8:03 | Lesser Clarity Potion |
| 8:05 | Healing Salve |
| 8:23 | Grunt |
| 8:43 | Grunt |
| 9:13 | Grunt |
| 9:15 | Berserker Strength |
| 9:40 | Grunt |
| 10:36 | Grunt |
| 11:31 | Grunt |
| 11:33 | Fortress |
| 11:41 | Peon |
| 11:46 | Lesser Clarity Potion |
| 11:54 | Tauren Totem |
| 12:12 | Grunt |
| 12:15 | Steel Armor |
| 12:56 | Rod of Necromancy |
| 12:56 | Potion of Healing |
| 12:57 | Potion of Mana |
| 13:00 | Potion of Mana |
| 13:14 | Grunt |
| 13:24 | Thorium Melee Weapons |
| 13:40 | Shockwave |
| 13:48 | Scroll of Town Portal |
| 13:57 | Potion of Healing |
| 13:57 | Potion of Healing |
| 14:10 | Grunt |
| 14:17 | Pulverize |
| 14:40 | Potion of Mana |
| 14:41 | Potion of Healing |
| 15:00 | Tauren |
| 15:04 | Peon |
| 15:04 | Peon |
| 15:04 | Peon |
| 15:38 | Tauren |
| 15:41 | Tauren Totem |
| 15:46 | Tauren Totem |
| 15:48 | Orc Burrow |
| 16:09 | Pillage |
| 16:13 | Grunt |
| 16:16 | Reinforced Defenses |
| 16:50 | Tauren |
| 17:38 | Endurance Aura |
| 17:46 | Tauren |
| 18:08 | Tauren |
| 18:10 | Orc Burrow |
| 18:13 | Thorium Armor |
| Right click | 525 |
| Select group | 350 |
| Chat | 289 |
| Select | 179 |
| Assign group | 91 |
| Build/train/purchase | 88 |
| Misc. action | 73 |
| Use ability | 20 |
| Item give/drop | 3 |
| Esc | 2 |
| Remove unit | 1 |
| Minimap ping | 1 |
156 units @ 18.5k
/ 1.7k
52 buildings @ 8.8k
/ 3.6k


| Wisp | 19 | 1140 | / | 0 |
| Archer | 17 | 2210 | / | 170 |
| Hippogryph | 10 | 1600 | / | 200 |
| total: | 46 | 4950g | / | 370w |
| Altar of Elders | 1 | 180 | / | 50 |
| Moon Well | 6 | 1080 | / | 240 |
| Ancient of War | 1 | 150 | / | 60 |
| Hunter's Hall | 1 | 210 | / | 100 |
| Tree of Life | 2 | 680 | / | 370 |
| Ancient of Wonders | 1 | 90 | / | 30 |
| Ancient of Wind | 2 | 300 | / | 280 |
| Tree of Ages | 1 | 320 | / | 180 |
| Tree of Eternity | 2 | 660 | / | 400 |
| total: | 14 | 2690g | / | 1130w |
| 0:04 | Wisp |
| 0:04 | Wisp |
| 0:10 | Altar of Elders |
| 0:25 | Wisp |
| 0:26 | Wisp |
| 0:29 | Moon Well |
| 0:34 | Wisp |
| 0:45 | Ancient of War |
| 1:28 | Moon Well |
| 1:33 | Wisp |
| 1:33 | Wisp |
| 1:59 | Archer |
| 2:05 | Wisp |
| 2:06 | Wisp |
| 2:13 | Wisp |
| 2:14 | Wisp |
| 2:21 | Moon Well |
| 2:26 | Mana Burn |
| 2:36 | Archer |
| 2:45 | Archer |
| 3:13 | Tree of Ages |
| 3:42 | Archer |
| 4:15 | Archer |
| 4:35 | Archer |
| 4:58 | Archer |
| 4:59 | Archer |
| 5:45 | Archer |
| 5:52 | Hunter's Hall |
| 5:53 | Tree of Eternity |
| 5:56 | Archer |
| 6:48 | Ancient of Wind |
| 6:51 | Ancient of Wind |
| 7:20 | Moon Well |
| 7:45 | Evasion |
| 7:53 | Hippogryph |
| 7:56 | Entangling Roots |
| 8:37 | Hippogryph |
| 8:41 | Hippogryph |
| 8:56 | Moon Well |
| 9:00 | Wisp |
| 9:01 | Wisp |
| 9:01 | Wisp |
| 9:20 | Hippogryph |
| 9:26 | Strength of the Moon |
| 9:27 | Well Spring |
| 10:18 | Archer |
| 10:19 | Hippogryph |
| 10:23 | Tree of Life |
| 10:33 | Archer |
| 10:37 | Moon Well |
| 11:57 | Hippogryph |
| 12:28 | Wisp |
| 12:28 | Wisp |
| 12:28 | Wisp |
| 12:28 | Wisp |
| 12:29 | Wisp |
| 13:13 | Archer |
| 13:14 | Hippogryph |
| 13:58 | Archer |
| 13:59 | Hippogryph |
| 14:42 | Ancient of Wonders |
| 15:01 | Archer |
| 15:29 | Archer |
| 15:44 | Hippogryph |
| 16:52 | Mana Burn |
| 17:02 | Archer |
| 17:03 | Hippogryph |
| 17:16 | Force of Nature |
| 17:25 | Tree of Life |
| Right click | 901 |
| Select group | 238 |
| Select | 215 |
| Build/train/purchase | 70 |
| Assign group | 32 |
| Use ability | 27 |
| Misc. action | 3 |
| Esc | 2 |
| Minimap ping | 2 |

| Healing Salve | 3 | 300 |
| Lesser Clarity Potion | 1 | 70 |
| Potion of Healing | 1 | 150 |
| total: | 5 | 520g |
| Peon | 8 | 600 | / | 0 |
| Troll Headhunter | 18 | 2520 | / | 360 |
| Troll Berserker | 11 | 1540 | / | 220 |
| Razormane Medicine Man | 1 | 350 | / | 60 |
| total: | 38 | 5010g | / | 640w |
| Watch Tower | 2 | 220 | / | 160 |
| Altar of Storms | 1 | 180 | / | 50 |
| Orc Burrow | 5 | 800 | / | 200 |
| War Mill | 1 | 205 | / | 0 |
| Voodoo Lounge | 1 | 130 | / | 30 |
| Barracks | 2 | 360 | / | 100 |
| Stronghold | 1 | 315 | / | 190 |
| Fortress | 1 | 325 | / | 190 |
| total: | 12 | 1895g | / | 540w |
| 0:03 | Peon |
| 0:03 | Peon |
| 0:08 | Altar of Storms |
| 0:29 | Peon |
| 0:33 | Orc Burrow |
| 0:48 | Peon |
| 0:52 | War Mill |
| 1:03 | Peon |
| 1:11 | Voodoo Lounge |
| 1:46 | Barracks |
| 2:00 | Peon |
| 2:08 | Orc Burrow |
| 2:11 | Peon |
| 2:25 | Healing Salve |
| 2:25 | Lesser Clarity Potion |
| 2:32 | Endurance Aura |
| 2:43 | Orc Burrow |
| 2:46 | Peon |
| 2:51 | Troll Headhunter |
| 3:03 | Troll Headhunter |
| 3:19 | Steel Ranged Weapons |
| 3:28 | Troll Headhunter |
| 3:46 | Watch Tower |
| 3:48 | Watch Tower |
| 4:10 | Troll Headhunter |
| 4:22 | Troll Headhunter |
| 4:51 | Troll Headhunter |
| 5:36 | Troll Headhunter |
| 5:37 | Stronghold |
| 5:38 | Healing Salve |
| 5:43 | Troll Headhunter |
| 6:03 | Troll Headhunter |
| 6:08 | Orc Burrow |
| 6:21 | Troll Headhunter |
| 6:30 | War Stomp |
| 6:51 | Troll Headhunter |
| 6:52 | Steel Armor |
| 7:21 | Razormane Medicine Man |
| 8:00 | Fortress |
| 8:01 | Troll Regeneration |
| 8:19 | Thorium Ranged Weapons |
| 9:00 | Endurance Aura |
| 9:14 | Troll Headhunter |
| 9:14 | Troll Headhunter |
| 9:15 | Thorium Armor |
| 10:06 | Troll Headhunter |
| 10:07 | Troll Headhunter |
| 10:11 | Barracks |
| 10:23 | Potion of Healing |
| 10:28 | Healing Salve |
| 11:01 | Troll Headhunter |
| 11:02 | Berserker Upgrade |
| 11:06 | Arcanite Ranged Weapons |
| 11:19 | War Stomp |
| 11:41 | Troll Headhunter |
| 11:44 | Orc Burrow |
| 11:48 | Troll Headhunter |
| 12:09 | Troll Berserker |
| 12:30 | Troll Berserker |
| 12:55 | Troll Berserker |
| 12:57 | Troll Berserker |
| 13:54 | Troll Berserker |
| 13:54 | Troll Berserker |
| 14:42 | Troll Berserker |
| 14:43 | Troll Berserker |
| 15:15 | Endurance Aura |
| 16:11 | Troll Berserker |
| 16:11 | Troll Berserker |
| 16:13 | Troll Berserker |
| 16:16 | Arcanite Armor |
| Right click | 1198 |
| Select | 252 |
| Select group | 167 |
| Build/train/purchase | 81 |
| Assign group | 27 |
| Use ability | 11 |
| Chat | 4 |
| Minimap ping | 1 |


| Healing Salve | 1 | 100 |
| Potion of Healing | 1 | 150 |
| total: | 2 | 250g |
| Peon | 7 | 525 | / | 0 |
| Grunt | 4 | 800 | / | 0 |
| Troll Headhunter | 7 | 980 | / | 140 |
| Shaman | 6 | 780 | / | 120 |
| Troll Berserker | 4 | 560 | / | 80 |
| total: | 28 | 3645g | / | 340w |
| Altar of Storms | 1 | 180 | / | 50 |
| Orc Burrow | 4 | 640 | / | 160 |
| Barracks | 2 | 360 | / | 100 |
| War Mill | 1 | 205 | / | 0 |
| Voodoo Lounge | 1 | 130 | / | 30 |
| Spirit Lodge | 2 | 300 | / | 300 |
| Tauren Totem | 1 | 135 | / | 155 |
| Stronghold | 1 | 315 | / | 190 |
| Fortress | 1 | 325 | / | 190 |
| total: | 12 | 1950g | / | 795w |
| 0:05 | Peon |
| 0:05 | Peon |
| 0:12 | Altar of Storms |
| 0:14 | Peon |
| 0:38 | Orc Burrow |
| 0:41 | Barracks |
| 0:53 | Peon |
| 1:00 | Peon |
| 1:15 | Peon |
| 1:45 | Orc Burrow |
| 1:47 | Grunt |
| 1:53 | Peon |
| 2:13 | War Mill |
| 2:37 | Grunt |
| 2:52 | Grunt |
| 3:25 | Troll Headhunter |
| 3:32 | Mirror Image |
| 4:50 | Troll Headhunter |
| 5:03 | Stronghold |
| 5:05 | Steel Ranged Weapons |
| 5:10 | Barracks |
| 5:43 | Troll Headhunter |
| 5:47 | Steel Melee Weapons |
| 5:54 | Orc Burrow |
| 6:16 | Steel Armor |
| 6:25 | Troll Headhunter |
| 7:17 | Orc Burrow |
| 7:29 | Troll Regeneration |
| 7:58 | Grunt |
| 8:00 | Thorium Ranged Weapons |
| 9:02 | Critical Strike |
| 9:45 | Berserker Strength |
| 9:47 | Thorium Melee Weapons |
| 10:23 | Spirit Lodge |
| 10:25 | Fortress |
| 10:28 | Thorium Armor |
| 11:39 | Troll Headhunter |
| 11:45 | Shaman |
| 11:49 | Voodoo Lounge |
| 12:28 | Mirror Image |
| 12:56 | Shaman Adept Training |
| 13:03 | Shaman |
| 13:06 | Healing Salve |
| 13:07 | Potion of Healing |
| 13:17 | Spirit Lodge |
| 14:09 | Berserker Upgrade |
| 14:11 | Troll Headhunter |
| 14:11 | Troll Headhunter |
| 14:50 | Shaman |
| 15:15 | Tauren Totem |
| 15:37 | Shockwave |
| 16:21 | Troll Berserker |
| 16:21 | Troll Berserker |
| 16:24 | Shaman |
| 18:22 | Shaman |
| 18:22 | Shaman |
| 18:24 | Troll Berserker |
| 18:24 | Troll Berserker |
| Right click | 585 |
| Select | 175 |
| Select group | 88 |
| Build/train/purchase | 54 |
| Assign group | 18 |
| Use ability | 6 |
| Esc | 2 |
| Minimap ping | 2 |


| Wisp | 21 | 1260 | / | 0 |
| Archer | 12 | 1560 | / | 120 |
| Huntress | 8 | 1560 | / | 160 |
| Hippogryph | 3 | 480 | / | 60 |
| total: | 44 | 4860g | / | 340w |
| Altar of Elders | 1 | 180 | / | 50 |
| Moon Well | 5 | 900 | / | 200 |
| Ancient of War | 2 | 300 | / | 120 |
| Hunter's Hall | 1 | 210 | / | 100 |
| Ancient of Wonders | 1 | 90 | / | 30 |
| Ancient of Wind | 2 | 300 | / | 280 |
| Chimaera Roost | 2 | 280 | / | 380 |
| Tree of Ages | 1 | 320 | / | 180 |
| Tree of Eternity | 1 | 330 | / | 200 |
| total: | 14 | 2260g | / | 1160w |
| 0:08 | Altar of Elders |
| 0:09 | Moon Well |
| 0:12 | Wisp |
| 0:13 | Wisp |
| 0:46 | Ancient of War |
| 0:56 | Wisp |
| 0:56 | Wisp |
| 1:29 | Wisp |
| 1:29 | Wisp |
| 1:34 | Moon Well |
| 1:47 | Archer |
| 1:58 | Archer |
| 2:09 | Wisp |
| 2:16 | Archer |
| 2:21 | Wisp |
| 2:26 | Force of Nature |
| 2:30 | Archer |
| 2:50 | Hunter's Hall |
| 2:58 | Archer |
| 3:20 | Archer |
| 3:35 | Moon Well |
| 3:40 | Archer |
| 3:40 | Archer |
| 3:44 | Wisp |
| 3:47 | Archer |
| 5:45 | Archer |
| 5:45 | Archer |
| 5:47 | Tree of Ages |
| 5:54 | Ancient of War |
| 5:58 | Moon Well |
| 6:06 | Archer |
| 6:25 | Strength of the Moon |
| 6:27 | Moon Armor |
| 6:39 | Huntress |
| 6:53 | Ancient of Wonders |
| 6:57 | Huntress |
| 7:04 | Entangling Roots |
| 7:10 | Huntress |
| 7:14 | Improved Moon Armor |
| 7:33 | Huntress |
| 7:36 | Huntress |
| 8:20 | Summon Lava Spawn |
| 8:41 | Huntress |
| 8:51 | Moon Well |
| 9:55 | Huntress |
| 9:59 | Wisp |
| 10:00 | Wisp |
| 10:00 | Wisp |
| 10:00 | Wisp |
| 10:09 | Ancient of Wind |
| 10:13 | Force of Nature |
| 10:28 | Incinerate |
| 11:25 | Tree of Eternity |
| 11:30 | Ancient of Wind |
| 11:33 | Huntress |
| 11:58 | Hippogryph |
| 12:02 | Hippogryph |
| 12:02 | Hippogryph |
| 13:48 | Chimaera Roost |
| 13:50 | Chimaera Roost |
| 13:54 | Wisp |
| 13:54 | Wisp |
| 13:55 | Wisp |
| 13:55 | Wisp |
| 13:55 | Wisp |
| 13:57 | Wisp |
| 13:57 | Wisp |
| 13:57 | Wisp |
| Right click | 356 |
| Select | 204 |
| Build/train/purchase | 63 |
| Misc. action | 33 |
| Use ability | 13 |
| Minimap ping | 7 |
| Assign group | 6 |
| Remove unit | 6 |
| Select group | 1 |
⇛